 Dungeon Crawl Stone Soup version 0.26-a0-1205-g4083c211ab (webtiles) character file.

Game seed: 3158458771642302628

60 raph the Slasher (level 3, 0/30 HPs)
             Began as a Minotaur Gladiator on Dec 29, 2020.
             Slain by Natasha (1 damage)
             ... on level 2 of the Dungeon.
             The game lasted 00:01:32 (1003 turns).

raph the Slasher (Minotaur Gladiator)               Turns: 1003, Time: 00:01:32

Health: 0/30       AC:  3    Str: 18    XL:     3   Next: 82%
Magic:  2/2        EV: 13    Int:  5    God:
Gold:   144        SH:  0    Dex: 12    Spells: 2/2 levels left

rFire    . . .     SeeInvis .   a - +0 long sword
rCold    . . .     Faith    .   (no shield)
rNeg     . . .     Spirit   .   b - +0 leather armour
rPois    .         Reflect  .   c - +0 hat
rElec    .         Harm     .   (no cloak)
rCorr    .         Rampage  .   (no gloves)
Will     .....                  (no boots)
Stlth    +.........             (no amulet)
HPRegen  0.10/turn              (no ring)
MPRegen  0.08/turn              (no ring)

@: slowed, very slow
A: retaliatory headbutt, horns 2
a: no special abilities


You were on level 2 of the Dungeon.
You visited 1 branch of the dungeon, and saw 2 of its levels.

You collected 144 gold pieces.

Inventory:

Hand Weapons
 a - a +0 long sword (weapon)
Missiles
 d - 2 throwing nets (quivered)
Armour
 b - a +0 leather armour (worn)
 c - a +0 hat (worn)
Scrolls
 f - a scroll of amnesia {unknown}
 g - 2 scrolls of fear {unknown}
 j - a scroll of fog {unknown}
 l - a scroll of magic mapping {unknown}
 m - a scroll of teleportation {unknown}
Potions
 e - 2 potions of magic
 h - 2 potions of brilliance {unknown}
 i - 2 potions of haste {unknown}
 k - a potion of might {unknown}


   Skills:
 - Level 2.4 Fighting
 + Level 5.3 Long Blades
 - Level 2.0 Throwing
 + Level 1.3 Armour
 - Level 3.2 Dodging
 + Level 0.8 Stealth


You had 2 spell levels left.
You didn't know any spells.
Your spell library was empty.

Dungeon Overview and Level Annotations

Branches:
Dungeon (2/15)

Altars:
Dithmenos

Annotations:
D:2 Natasha


Innate Abilities, Weirdness & Mutations

You reflexively headbutt those who attack you in melee.
You have a pair of horns on your head.


Message History

Natasha casts a spell at you. The magic dart hits you.
* * * LOW HITPOINT WARNING * * *
You closely miss Natasha.
Natasha is almost dead.
Natasha stares at you and mumbles some strange words.
You resist with significant effort.
The crimson imp shouts, "Tremble, thou horrid dread-bolted Cock-Lorel!"
Natasha casts a spell at you. You resist with significant effort.
You barely miss Natasha. Your headbutt misses Natasha.
Natasha is almost dead.
Natasha casts a spell at you. The magic dart hits you.
* * * LOW HITPOINT WARNING * * *
Unknown command.
It was a potion of magic.
Magic courses through your body.
The crimson imp disappears in a puff of smoke!
Natasha claws you.
You die...

######## #...... #...[.#
######.....#
...........#### #.....
####....h....$.. ......
.....#.@ยง...... ......
##..#......... ......##
#.............
.......####.........##..
..............:##.### .
........##..#### .#
............#####.# ..
......................
#............####.#.#


You could see Natasha.

Vanquished Creatures
  Natasha (D:2)
  An adder (D:2)
  A worm (D:2)
  3 leopard geckos
  3 jackals (D:1)
  4 kobolds
  A ball python (D:2)
  2 bats
  3 goblins
  5 rats
24 creatures vanquished.

Notes
Turn   | Place    | Note
-------+----------+-------------------------------------------
     0 | D:1      | raph the Minotaur Gladiator began the quest for the Orb.
     0 | D:1      | Reached XP level 1. HP: 18/18 MP: 0/0
    20 | D:1      | Reached skill level 4 in Long Blades
   255 | D:1      | Reached XP level 2. HP: 25/25 MP: 1/1
   648 | D:1      | You fall into a shaft and drop 1 floor!
   738 | D:2      | Reached XP level 3. HP: 29/30 MP: 2/2
   798 | D:2      | Found a shadowy altar of Dithmenos.
   852 | D:2      | Noticed Natasha
   857 | D:2      | Killed Natasha
   858 | D:2      | Reached skill level 5 in Long Blades
   858 | D:2      | Reached skill level 1 in Armour
   988 | D:2      | Noticed Natasha
  1002 | D:2      | HP: 1/30 [Natasha/magic dart (4)]
  1003 | D:2      | Slain by Natasha

Illustrated notes

Levels and vault maps discovered:
D:1:      minmay_arrival_stair_chambers, layout_basic
D:2:      layout_rooms, old_standard_altar, st_stairs_4, minmay_misc_feat_room,
          uniq_natasha

Skill      XL: |  1  2  3 |
---------------+----------+-----
Long Blades    | 4 5 |  5.3
Armour         | 1 |  1.3
Fighting       | |  2.4
Throwing       | |  2.0
Dodging        | |  3.2
Stealth        | |  0.8

Action                   || total
-------------------------++-------
Melee: Long sword        ||    45
       Headbutt          ||     7
Throw: Throwing net      ||     1
  Use: Potion            ||     1
Armor: Leather armour    ||    11
Dodge: Dodged            ||    29
       Rpst.: Long sword ||     6

Table legend: (Time is in decaauts)
 A = Elapsed time spent in this place.
 B = Non-inter-level travel time spent in this place.
 C = Inter-level travel time spent in this place.
 D = Time resting spent in this place.
 E = Time spent auto-exploring this place.
 F = Levels seen in this place.
 G = Mean time per level.
                   A        B        C        D        E       F      G
               +--------+--------+--------+--------+--------+-----+--------+
         Total |   1022 |   1008 |     14 |    281 |    531 |   2 |  511.0 |
       Dungeon |   1022 |   1008 |     14 |    281 |    531 |   2 |  511.0 |
               +--------+--------+--------+--------+--------+-----+--------+

Top non-repeatable levels by time:
     D:1: 694 daAuts
     D:2: 328 daAuts
